 Dungeon Crawl Stone Soup version 0.19.5 (webtiles) character file.

62 miragecloak the Changer (level 4, 0/28 HPs)
             Began as an Octopode Transmuter on May 4, 2017.
             Slain by an orc
             ... wielding a +2 trident of distortion
              (20 damage)
             ... on level 3 of the Dungeon.
             The game lasted 00:01:01 (1668 turns).

miragecloak the Changer (Octopode Transmuter)       Turns: 1668, Time: 00:01:02

Health: 0/28       AC:  1    Str:  9    XL:     4   Next: 8%
Magic:  7/7        EV: 13    Int: 15    God:
Gold:   93         SH:  0    Dex: 13    Spells: 1 memorised, 6 levels left

rFire  . . .     SeeInvis .       - Unarmed
rCold  . . .     Gourm    .     (no shield)
rNeg   . . .     Faith    .     (helmet restricted)
rPois  .         Spirit   .     (no amulet)
rElec  .         Reflect  .     (no ring)
rCorr  .         Harm     .     (no ring)
MR     .....                    (no ring)
Stlth  ++........               (no ring)
                                (no ring)
                                (no ring)
                                (no ring)
                                (no ring)

@: no status effects
A: almost no armour, stealthy swim, amphibious, 8 rings, constrict 8, camouflage
1, gelatinous body 1
a: no special abilities


You were on level 3 of the Dungeon.
You were not hungry.

You visited 1 branch of the dungeon, and saw 3 of its levels.

You collected 93 gold pieces.

Inventory:

Missiles
 a - 69 arrows
Scrolls
 d - 2 scrolls of fear {unknown}
 e - 4 scrolls of identify {unknown}
 g - 3 scrolls of enchant weapon {unknown}
 h - a scroll of random uselessness {unknown}
 i - a scroll of remove curse {unknown}
 j - a scroll of teleportation {unknown}
 l - a scroll of recharging {unknown}
 m - a scroll of blinking {unknown}
Books
 b - a book of Changes

   Spells                             Type                      Level
   a - Beastly Appendage              Transmutation                1
   b - Sticks to Snakes               Transmutation                2
   c - Spider Form                    Transmutation/Poison         3
   d - Ice Form                       Ice/Transmutation            4
   e - Blade Hands                    Transmutation                5
Comestibles
 c - 2 bread rations
 f - a meat ration


   Skills:
 - Level 1.0 Fighting
 - Level 2.0 Dodging
 - Level 3.0 Unarmed Combat
 - Level 2.0 Spellcasting
 + Level 4.2 Transmutations


You had 6 spell levels left.
You knew the following spells:

 Your Spells              Type           Power        Failure   Level  Hunger
a - Beastly Appendage     Tmut           ##....       4%          1    #......


Dungeon Overview and Level Annotations

Branches:
Dungeon (3/15)

Altars:
Elyvilon
Fedhas


Innate Abilities, Weirdness & Mutations

You cannot wear most types of armour.
You are very stealthy in the water. (Stealth+)
You are amphibious.
You can wear up to eight rings at the same time.
You can use your tentacles to constrict eight enemies at once.
Your skin changes colour to match your surroundings (Stealth+).
Your rubbery body absorbs attacks. (AC +1, EV +1)


Message History

No target in view!
No target in view!
No target in view!
No target in view!
Done exploring.
(D) Dungeon
Where to? (Enter - D:2, ? - help)
Your transformation is almost over.
Your tentacle spike disappears.
There is a stone staircase leading down here.
You climb downwards.
You hear the sound of rushing water.
There is an entrance to a sewer on this level.
Hurry and find it before the portal rusts away!
A rat and 4 orcs come into view.
An orc is wielding a trident of distortion.
There is a stone staircase leading up here.
The orc hits you with a trident of distortion!
Space warps horribly around you!
Ouch! That really hurt!
You die...

# #. ##.#
##...##
#...o@#
#.......#
#.........#
#.....o...#
#r......o.#
##.......##
##o....##
##...##


You could see 4 orcs and a rat (sleeping).

Vanquished Creatures
  An adder (D:1)
  An ooze (D:2)
  2 worms (D:2)
  2 dart slugs
  3 leopard geckos
  4 bats
  A giant cockroach (D:2)
  5 hobgoblins
  A quokka (D:2)
  A frilled lizard (D:2)
  7 goblins
  2 kobolds
  7 rats
37 creatures vanquished.

Notes
Turn   | Place    | Note
-------+----------+-------------------------------------------
     0 | D:1      | miragecloak the Octopode Transmuter began the quest for the Orb.
     0 | D:1      | Reached XP level 1. HP: 13/13 MP: 3/3
   114 | D:1      | Reached XP level 2. HP: 9/18 MP: 3/5
   494 | D:1      | Reached skill level 3 in Transmutations
   847 | D:1      | Reached XP level 3. HP: 23/23 MP: 4/6
  1254 | D:2      | Reached skill level 4 in Transmutations
  1314 | D:2      | Found a white marble altar of Elyvilon.
  1377 | D:2      | Reached XP level 4. HP: 28/28 MP: 5/7
  1394 | D:2      | Found a blossoming altar of Fedhas.
  1668 | D:3      | Slain by an orc

Skill      XL: |  1  2  3 |
---------------+----------+-----
Transmutations | 3 4 |  4.2
Fighting       | |  1.0
Dodging        | |  2.0
Unarmed Combat | |  3.0
Spellcasting   | |  2.0

Action                   |  1- 3 |  4- 6 || total
-------------------------+-------+-------++-------
Melee: Unarmed           |    74 |    10 ||    84
       Constrict         |    21 |     2 ||    23
       Tentacles         |    13 |     1 ||    14
       Kick              |    15 |     1 ||    16
       Punch             |     3 |       ||     3
 Cast: Beastly Appendage |    24 |     6 ||    30
 Stab: Sleeping          |     3 |       ||     3
  Eat: Chunk             |     2 |     1 ||     3
Armor: Skin              |     4 |       ||     4
Dodge: Dodged            |    41 |     9 ||    50
